 Dungeon Crawl Stone Soup version 0.26-a0-652-gafc20e3620 (webtiles) character file.

Game seed: 13814332548351817274

326 heikuro the Skirmisher (level 6, -6/49 HPs)
             Began as a Formicid Abyssal Knight on Oct 2, 2020.
             Was a Believer of Lugonu.
             Mangled by an ogre
             ... wielding a +0 giant club
              (11 damage)
             ... on level 4 of the Dungeon.
             The game lasted 00:07:32 (4286 turns).

heikuro the Skirmisher (Formicid Abyssal Knight)    Turns: 4286, Time: 00:07:33

Health: -6/49      AC:  9    Str: 19    XL:     6   Next: 78%
Magic:  8/8        EV:  7    Int: 11    God:    Lugonu [**....]
Gold:   195        SH:  0    Dex: 10    Spells: 5/5 levels left

rFire    . . .     SeeInvis +   a - +1 falchion
rCold    . . .     Faith    .   (no shield)
rNeg     . . .     Spirit   .   b - +0 chain mail
rPois    .         Reflect  .   (helmet unavailable)
rElec    .         Harm     .   (no cloak)
rCorr    .         Rampage  .   (no gloves)
MR       .....                  (no boots)
Stlth    ..........             (no amulet)
HPRegen  0.16/turn              (no ring)
MPRegen  0.11/turn              (no ring)

@: mighty
A: permanent stasis, dig shafts and tunnels, four strong arms, antennae 3
a: Dig, Shaft Self, Depart the Abyss, Bend Space, Renounce Religion


You were on level 4 of the Dungeon.
You worshipped Lugonu.
Lugonu was pleased with you.
You visited 1 branch of the dungeon, and saw 4 of its levels.
You visited the Abyss 1 time.

You collected 195 gold pieces.

Inventory:

Hand Weapons
 a - a +1 falchion (weapon)
 g - a +2 short sword of speed
 h - a +0 hunting sling
 j - a +0 hunting sling
Missiles
 f - 10 boomerangs (quivered)
 l - 65 stones
Armour
 b - a +0 chain mail (worn)
Scrolls
 c - a scroll of teleportation {unknown}
 d - a scroll of fog
 i - a scroll of enchant weapon {unknown}
 p - a scroll of amnesia {unknown}
Potions
 e - 2 potions of resistance
 k - a potion of might
 m - 3 potions of lignification
 n - a potion of curing {unknown}
 o - a potion of degeneration {unknown}
 q - a potion of haste {unknown}
 r - a potion of heal wounds {unknown}


   Skills:
 + Level 4.4 Fighting
 * Level 4.2 Long Blades
 + Level 1.5 Slings
 + Level 3.6 Armour
 - Level 1.0 Dodging
 + Level 3.9 Invocations


You had 5 spell levels left.
You didn't know any spells.
Your spell library was empty.

Dungeon Overview and Level Annotations

Branches:
Dungeon (4/15)
 Temple: D:4-7

Altars:
Gozag
Nemelex Xobeh


Innate Abilities, Weirdness & Mutations

You cannot be hasted, slowed, berserked, paralysed or teleported.
You can dig through walls and to a lower floor.
Your four strong arms can wield two-handed weapons with a shield.
You have a pair of large antennae on your head. (SInv)


Message History

Lugonu accepts your kill.
You feel sick.
You feel sick.
You feel sick.
You start resting.
You feel sick. x5
You are no longer poisoned.
An ogre comes into view. It is wielding a +0 giant club.
An ogre is nearby!
You feel very mighty all of a sudden.
You slash the ogre!
The ogre is moderately wounded.
The ogre hits you with a +0 giant club!
* * * LOW HITPOINT WARNING * * *
You barely miss the ogre.
The ogre is moderately wounded.
You slash the ogre!
The ogre is almost dead.
The ogre hits you with a +0 giant club!
You die...

...# #..## .# .#. ....## #.#
.. ######..(.##..# .#
#.............. .#
#..............
.#####..............
....................
.#####........######
...............O@..#########..
.#####........####............
## ########## ###########.. .#
.# .# .# .# ##


You could see an ogre.

Vanquished Creatures
  A centaur (D:3)
  A bullfrog (D:2)
  2 worker ants (D:4)
  2 adders (D:3)
  3 worms
  2 dart slugs (D:1)
  6 leopard geckos
  10 orcs (D:3)
  8 giant cockroaches
  9 goblins
  6 hobgoblins
  3 jackals (D:4)
  A quokka (D:3)
  4 ball pythons
  7 bats
  4 frilled lizards
  A jackal skeleton (D:4)
  6 kobolds
  11 rats
87 creatures vanquished.

Notes
Turn   | Place    | Note
-------+----------+-------------------------------------------
     0 | Abyss:1  | heikuro the Formicid Abyssal Knight began the quest for the
                  | Orb.
     0 | Abyss:1  | Reached XP level 1. HP: 18/18 MP: 2/2
    54 | Abyss:1  | Noticed an apocalypse crab
    65 | D:1      | Escaped the Abyss
   118 | D:1      | Reached skill level 1 in Dodging
   328 | D:1      | Reached XP level 2. HP: 14/24 MP: 3/3
   337 | D:1      | Reached * piety under Lugonu
   912 | D:1      | Reached XP level 3. HP: 29/29 MP: 4/4
  1778 | D:2      | Reached XP level 4. HP: 21/37 MP: 6/6
  2517 | D:2      | Noticed a bullfrog
  2525 | D:2      | Killed a bullfrog
  2525 | D:2      | Reached XP level 5. HP: 34/42 MP: 7/7
  2808 | D:3      | Found a sparkling altar of Nemelex Xobeh.
  2861 | D:3      | Reached ** piety under Lugonu
  3029 | D:3      | Found a faded altar of an unknown god.
  3103 | D:3      | Noticed a centaur
  3115 | D:3      | HP: 2/42 [centaur/+0 scimitar (7)]
  3116 | D:3      | Killed a centaur
  3116 | D:3      | Reached skill level 1 in Slings
  3116 | D:3      | Reached XP level 6. HP: 2/49 MP: 8/8
  4171 | D:4      | Found an opulent altar of Gozag.
  4279 | D:4      | Noticed an ogre
  4286 | D:4      | Mangled by an ogre

Illustrated notes

Levels and vault maps discovered:
D:1:      ncdulo_smallfort, layout_basic, serial_rivers,
          chequers_serial_rivers_small_3, chequers_serial_rivers_micro_d,
          chequers_serial_rivers_room_b, chequers_serial_rivers_micro_b,
          chequers_serial_rivers_micro_b
D:2:      layout_basic
D:3:      layout_loops_corners, nemelex_xobeh_ov_fountains_minmay,
          chequers_ecumenical_altar_simple_redux
D:4:      layout_rooms, old_standard_altar, grunt_gozag_breadcrumbs

Skill      XL: |  1  2  3  4  5 |
---------------+----------------+-----
Dodging        | 1 |  1.0
Long Blades    | 3 4 |  4.2
Invocations    | 3 |  3.9
Fighting       | 4 |  4.4
Armour         | 3 |  3.6
Slings         | 1 |  1.5

Action                   |  1- 3 |  4- 6 || total
-------------------------+-------+-------++-------
Melee: Falchion          |    79 |   186 ||   265
       Short sword       |    20 |       ||    20
Throw: Boomerang         |     7 |    20 ||    27
Invok: Depart the Abyss  |     1 |       ||     1
 Abil: Dig               |     1 |     1 ||     2
  Use: Scroll            |     1 |     4 ||     5
       Potion            |       |     1 ||     1
Armor: Leather armour    |    30 |    10 ||    40
       Chain mail        |       |   100 ||   100
       Ring mail         |       |     2 ||     2
Dodge: Dodged            |    65 |    87 ||   152
       Rpst.: Falchion   |    19 |    25 ||    44

Table legend: (Time is in decaauts)
 A = Elapsed time spent in this place.
 B = Non-inter-level travel time spent in this place.
 C = Inter-level travel time spent in this place.
 D = Time resting spent in this place.
 E = Time spent auto-exploring this place.
 F = Levels seen in this place.
 G = Mean time per level.
                   A        B        C        D        E       F      G
               +--------+--------+--------+--------+--------+-----+--------+
         Total |   4331 |   4213 |    118 |   1302 |   1571 |   5 |  866.2 |
       Dungeon |   4266 |   4148 |    118 |   1302 |   1535 |   4 | 1066.5 |
         Abyss |     65 |     65 |      0 |      0 |     36 |   1 |   65.0 |
               +--------+--------+--------+--------+--------+-----+--------+

Top non-repeatable levels by time:
     D:1: 1486 daAuts
     D:3: 1450 daAuts
     D:2: 1161 daAuts
     D:4: 168 daAuts
 Abyss:1: 65 daAuts
